Map: [ESL] Alcyone

Players

Reynor - Winner!

  • Race: Zerg Zerg
  • Spawn Location: 7:00

Spirit

  • Race: Terran Terran
  • Spawn Location: 1:00

Event: ESL SC2 Masters 2023 Winter (Regional)

VOD

Have the link to the VOD?

Description

Time

  • Played on: Nov. 1, 2023, 11:17 a.m.
  • Length: 10:27

All games in this series

Show
View Real Time Build Order
Export as new Build Order

Reynor Zerg - Winner!

Build Orders: Hatch First, Zergling Baneling 

Get SALT Encoding   

  12  0:00  Drone  
  13  0:11  Overlord  
  13  0:16  Drone  
  14  0:30  Drone x2  
  16  0:47  Hatchery  
  15  0:51  Drone  
  15  0:54  Drone  
  17  0:58  Drone  
  18  1:09  Extractor  
  17  1:13  Spawning Pool  
  17  1:16  Drone  
  17  1:19  Drone  
  18  1:27  Drone  
  19  1:38  Drone  
  20  1:48  Overlord  
  20  1:59  Queen  
  20  2:00  Zergling x4, Queen  
  26  2:10  Drone x2  
  26  2:12  Metabolic Boost  
  28  2:21  Drone x2  
  30  2:32  Drone  
  31  2:38  Hatchery  
  31  2:40  Drone  
  31  2:44  Overlord  
  31  2:46  Zergling x2  
  32  2:53  Zergling x4  
  34  2:59  Baneling Nest  
  34  3:04  Zergling x4  
  35  3:08  Zergling x4  
  35  3:10  Zergling x2  
  38  3:13  Zergling x2  
  38  3:15  Overlord  
  38  3:19  Zergling x2  
  40  3:21  Zergling x2  
  40  3:23  Zergling x2  
  42  3:28  Zergling x2  
  42  3:34  Zergling x2  
  44  3:38  Zergling x2  
  45  3:44  Baneling x6  
  45  3:46  Zergling x6  
  48  3:49  Baneling  
  48  3:51  Zergling x4  
  49  3:55  Zergling x2  
  49  3:58  Baneling  
  49  4:00  Zergling x4  
  52  4:03  Zergling x2  
  53  4:10  Zergling x2  
  53  4:11  Zergling x4  
  53  4:14  Zergling x2  
  57  4:21  Zergling x2  
  57  4:23  Overlord  
  58  4:25  Overlord  
  58  4:29  Overlord  
  53  4:33  Zergling x2  
  53  4:38  Zergling x4  
  51  4:39  Zergling x2  
  51  4:43  Zergling x2  
  49  4:49  Zergling x6  
  49  4:51  Zergling x2  
  49  4:54  Zergling x2  
  49  4:55  Zergling x2  
  49  4:59  Drone  
  49  5:01  Drone  
  49  5:04  Drone  
  49  5:05  Drone  
  49  5:08  Drone  
  49  5:10  Drone  
  49  5:13  Drone  
  47  5:17  Drone  
  47  5:22  Lair  
  47  5:27  Queen  
  48  5:32  Spore Crawler  
  46  5:36  Drone, Spore Crawler  
  46  5:40  Drone, Spore Crawler  
  45  5:44  Drone  
  45  5:45  Drone  
  45  5:46  Drone  
  47  5:50  Drone  
  47  5:51  Drone  
  47  5:53  Drone  
  47  5:56  Drone  
  51  6:00  Drone x3  
  51  6:02  Drone  
  51  6:04  Extractor, Drone  
  54  6:08  Drone x2  
  54  6:10  Drone  
  58  6:15  Drone x3  
  58  6:16  Drone  
  58  6:18  Extractor  
  61  6:19  Extractor  
  61  6:25  Spire  
  59  6:26  Overseer  
  59  6:27  Drone x2  
  59  6:31  Queen  
  63  6:33  Drone  
  63  6:34  Drone  
  63  6:37  Drone  
  63  6:38  Drone x2  
  68  6:40  Drone  
  68  6:41  Drone  
  68  6:43  Drone  
  68  6:46  Overlord  
  71  6:48  Drone  
  71  6:52  Overseer  
  71  6:53  Drone  
  73  6:54  Queen  
  73  6:59  Queen  
  73  7:01  Drone  
  78  7:02  Drone  
  78  7:03  Extractor  
  78  7:04  Drone  
  78  7:05  Extractor, Drone  
  78  7:08  Zergling x4  
  80  7:10  Drone  
  80  7:12  Drone  
  80  7:14  Overlord  
  82  7:21  Zergling x8  
  83  7:22  Zergling x2  
  83  7:27  Drone  
  83  7:29  Drone  
  80  7:34  Drone x4  
  80  7:36  Drone, Spore Crawler  
  80  7:47  Mutalisk x3  
  80  7:49  Overlord  
  80  7:50  Mutalisk x2  
  90  7:52  Mutalisk  
  90  7:55  Mutalisk  
  94  8:00  Overlord  
  94  8:02  Mutalisk  
  96  8:06  Overlord  
  96  8:09  Zergling x6  
  99  8:14  Centrifugal Hooks  
  99  8:16  Drone x4  
  99  8:18  Mutalisk  
  105  8:21  Mutalisk  
  105  8:25  Zergling x6, Hatchery  
  109  8:28  Overlord  
  109  8:31  Mutalisk  
  111  8:41  Mutalisk x2  
  111  8:44  Zergling x10  
  120  8:49  Overlord  
  120  8:56  Spore Crawler  
  120  8:57  Mutalisk x3  
  120  9:00  Zergling x4  
  127  9:05  Overseer  
  127  9:09  Zergling x4  
  130  9:12  Zergling x6  
  130  9:15  Zergling x4  
  123  9:18  Mutalisk x2, Zergling x2  
  123  9:22  Zergling x2  
  127  9:26  Zergling x2  
  127  9:27  Zergling x2  
  129  9:34  Mutalisk  
  129  9:35  Mutalisk, Zergling x2  
  134  9:42  Zergling x2  
  134  9:43  Zergling x4  
  134  9:47  Zergling x6  
  134  9:57  Mutalisk x2  
  134  9:58  Zergling x4  
  132  10:00  Zergling x4  
  126  10:10  Zergling x4  
  131  10:20  Evolution Chamber  
  131  10:21  Evolution Chamber  
Show
View Real Time Build Order
Export as new Build Order

Spirit Terran 

Build Orders: Command Center First, Hellion Banshee 

Get SALT Encoding   

  12  0:00  SCV  
  13  0:12  SCV  
  14  0:17  Supply Depot  
  14  0:24  SCV  
  15  0:39  SCV  
  16  0:51  SCV  
  17  1:00  Command Center  
  17  1:03  SCV  
  18  1:15  Barracks  
  18  1:17  SCV  
  19  1:24  Refinery  
  19  1:29  SCV  
  19  1:31  Refinery  
  20  1:41  SCV  
  21  1:53  SCV  
  22  2:02  Reaper  
  22  2:05  Orbital Command  
  23  2:11  Orbital Command  
  23  2:20  Factory  
  23  2:26  Supply Depot  
  23  2:31  SCV  
  23  2:36  Barracks Reactor  
  24  2:38  SCV  
  24  2:43  SCV  
  26  2:50  SCV  
  27  2:54  Command Center  
  27  2:55  SCV  
  28  3:02  SCV  
  29  3:07  Starport  
  29  3:08  SCV  
  30  3:14  SCV  
  30  3:16  Hellion x2  
  35  3:20  SCV  
  35  3:23  Barracks Tech Lab, Supply Depot  
  36  3:27  SCV  
  36  3:32  SCV  
  38  3:37  Hellion x2  
  38  3:39  SCV  
  43  3:44  SCV  
  43  3:49  Banshee  
  43  3:51  Cloaking Field, SCV  
  47  3:56  SCV  
  47  3:59  Barracks Tech Lab  
  47  4:02  Hellion  
  50  4:03  Hellion, SCV  
  50  4:07  Orbital Command  
  50  4:08  SCV  
  54  4:15  SCV  
  55  4:20  SCV  
  55  4:23  Hellion  
  58  4:24  Hellion  
  58  4:27  SCV  
  56  4:32  Banshee, SCV  
  56  4:34  SCV  
  47  4:40  SCV  
  47  4:44  SCV  
  47  4:45  Hellion  
  43  4:46  Hellion, SCV  
  43  4:52  SCV  
  30  5:05  SCV  
  25  5:14  SCV  
  26  5:18  SCV  
  24  5:24  SCV  
  24  5:26  SCV  
  25  5:30  SCV  
  26  5:36  SCV  
  26  5:38  SCV  
  28  5:43  SCV  
  28  5:46  Supply Depot  
  28  5:48  SCV  
  30  5:51  SCV  
  30  5:55  SCV  
  32  6:00  SCV  
  32  6:03  SCV  
  34  6:05  Hellion  
  34  6:07  SCV  
  34  6:08  Hellion  
  39  6:11  Stimpack  
  39  6:13  SCV  
  39  6:16  SCV  
  41  6:19  SCV  
  41  6:25  SCV  
  43  6:28  SCV  
  43  6:31  Hellion, SCV  
  49  6:32  Hellion  
  49  6:37  SCV  
  50  6:40  Supply Depot, SCV  
  50  6:41  Starport Reactor  
  50  6:43  SCV  
  52  6:49  SCV  
  52  6:52  SCV  
  54  6:55  SCV  
  55  7:01  SCV, Engineering Bay  
  55  7:04  SCV, Engineering Bay  
  55  7:07  SCV  
  58  7:12  Barracks, Marine  
  58  7:13  SCV  
  60  7:15  Barracks  
  60  7:16  SCV  
  60  7:18  Supply Depot  
  60  7:19  SCV  
  62  7:26  SCV  
  62  7:28  SCV  
  56  7:31  SCV  
  55  7:38  SCV  
  55  7:40  SCV  
  55  7:44  SCV  
  56  7:46  Barracks, Terran Infantry Armor Level 1  
  56  7:48  Barracks  
  56  7:50  SCV, Refinery  
  57  7:51  Refinery  
  57  7:52  Missile Turret, SCV  
  57  7:53  Missile Turret  
  57  7:54  Combat Shield  
  57  7:56  SCV  
  57  7:58  Marine  
  59  8:00  Marine x2  
  59  8:01  Starport Reactor  
  59  8:02  SCV  
  63  8:07  Siege Tank  
  63  8:09  Orbital Command  
  63  8:11  Missile Turret  
  66  8:16  Marine  
  66  8:18  Supply Depot x2, Marine x2  
  69  8:22  Marine  
  69  8:25  Marine  
  71  8:30  SCV x2  
  71  8:34  Marine  
  73  8:35  Barracks Reactor  
  73  8:36  Marine, Supply Depot  
  73  8:37  Barracks Reactor  
  73  8:38  SCV  
  73  8:39  Siege Tank, Marine  
  77  8:42  SCV, Medivac x2  
  77  8:43  Marine  
  77  8:44  Marine  
  84  8:51  Marine  
  84  8:54  Marine, Supply Depot  
  84  8:55  Orbital Command  
  85  8:57  Marine  
  85  9:01  Marine  
  85  9:02  Marine  
  88  9:04  Supply Depot  
  88  9:08  SCV  
  88  9:09  Marine  
  90  9:11  Siege Tank, Marine  
  90  9:12  Marine  
  90  9:13  Marine x3  
  90  9:15  Marine  
  86  9:19  Marine  
  86  9:20  Marine  
  82  9:27  Marine  
  82  9:29  Marine x2  
  82  9:31  Marine x3  
  82  9:33  Marine  
  82  9:36  Marine  
  82  9:38  Marine  
  83  9:45  Marine  
  81  9:47  Marine x2  
  81  9:48  Marine x2  
  81  9:49  Marine  
  81  9:51  Missile Turret, Marine  
  84  9:54  Marine  
  84  9:56  Marine  
  80  10:03  Marine  
  80  10:05  Marine x2  
  80  10:06  Marine x3  
  78  10:08  Marine  
Tags
 
Add a new tag
Caveats
  • Supply blocks, unpowered buildings, or Contaminate may cause inaccurate times.
  • Supply counts are checked every 10 seconds.